 Dungeon Crawl Stone Soup version 0.26.1-11-gd32895ea62 (webtiles) character file.

Game seed: 18384077585628267641

238 Silvore the Ruffian (level 5, 0/41 HPs)
             Began as a Draconian Transmuter on June 28, 2021.
             Slain by a quokka (3 damage)
             ... summoned by Eustachio
             ... on level 4 of the Dungeon.
             The game lasted 00:11:23 (4101 turns).

Silvore the Ruffian (Draconian Transmuter)          Turns: 4101, Time: 00:11:24

Health: 0/41       AC:  6    Str: 14    XL:     5   Next: 78%
Magic:  8/8        EV: 13    Int: 13    God:
Gold:   198        SH:  0    Dex: 11    Spells: 7/8 levels left

rFire    + . .     SeeInvis .   c - +3 dagger (holy)
rCold    x . .     Faith    .   (no shield)
rNeg     . . .     Spirit   .   (armour unavailable)
rPois    .         Reflect  .   (helmet restricted)
rElec    .         Harm     .   (no cloak)
rCorr    .         Rampage  .   l - +0 pair of gloves
Will     .....                  (no boots)
Stlth    ++........             (no amulet)
HPRegen  0.13/turn              g - ring of fire
MPRegen  0.11/turn              (no ring)

@: lethally poisoned (0 -> -4)
A: unfitting armour, cold-blooded, AC +5
a: no special abilities


You were on level 4 of the Dungeon.
You visited 1 branch of the dungeon, and saw 4 of its levels.

You collected 198 gold pieces.

Inventory:

Hand Weapons
 a - a +0 whip
 c - a +3 dagger of holy wrath (weapon)
 d - a cursed -1 hand axe
Armour
 h - a +1 robe
 l - a +0 pair of gloves (worn)
Jewellery
 g - a ring of fire (left hand)
Scrolls
 b - 4 scrolls of enchant weapon
 i - a scroll of amnesia
 k - a scroll of teleportation
 o - a scroll of fog
Potions
 e - 2 potions of lignification
 f - a potion of might {unknown}
 j - a potion of brilliance {unknown}
 m - 3 potions of curing
 n - a potion of mutation {unknown}
 q - a potion of haste {unknown}


   Skills:
 + Level 2.0 Fighting
 + Level 2.1 Short Blades
 + Level 3.3 Dodging
 + Level 1.6 Stealth
 + Level 3.8 Unarmed Combat
 + Level 2.4 Spellcasting
 + Level 2.5 Transmutations


You had 7 spell levels left.
You knew the following spells:

 Your Spells              Type           Power        Failure   Level
a - Beastly Appendage     Tmut           16%          9%          1

Your spell library contained the following spells:

 Spells                   Type           Power        Failure   Level
 Wereblood                Tmut           8%           13%         2
 Spider Form              Tmut/Pois      2%           41%         3
 Ice Form                 Ice/Tmut       4%           82%         4
 Blade Hands              Tmut           4%           94%         5


Dungeon Overview and Level Annotations

Branches:
Dungeon (4/15)
 Temple: D:4-7

Altars:
Dithmenos
Hepliaklqana
Nemelex Xobeh
Wu Jian
Zin

Annotations:
D:4 Eustachio


Innate Abilities, Weirdness & Mutations

Your plain brown scales are hard. (AC +5)
You cannot fit into any form of body armour.
You are cold-blooded and may be slowed by cold attacks.


Message History

The killer bee stings you but does no damage.
The shadow imp barely misses you. Eustachio completely misses you.
The killer bee closely misses you.
You closely miss Eustachio.
Eustachio is lightly wounded.
The killer bee closely misses you.
The shadow imp hits you but does no damage.
You completely miss Eustachio.
Eustachio is lightly wounded.
* * * LOW HITPOINT WARNING * * *
You feel sick. The killer bee closely misses you.
Eustachio casts a spell.
The shadow imp barely misses you. The killer bee barely misses you.
You hit Eustachio.
Eustachio is lightly wounded.
The killer bee barely misses you. Eustachio hits you but does no damage.
The shadow imp hits you.
* * * LOW HITPOINT WARNING * * *
The killer bee misses you. The quokka bites you.
You die... ..# #...# ..# #...# ..# ##...# ..# ..... ..# ### #..y# ..# #.# #yry#

..####.# #ryy###.#
.....#.# #y@b5.#
####.#.#########@#####
#..............5r#
#.##.#.########### #
#.#... #.##### #.. ###


You could see Eustachio, 6 killer bees, a quasit (summoned), a shadow imp
(summoned), 2 quokkas and a bat (summoned).

Vanquished Creatures
  An ogre (D:4)
  A worker ant (D:3)
  A gnoll (D:1)
  4 adders
  An ooze (D:2)
  A worm (D:2)
  3 dart slugs (D:1)
  4 orcs (D:3)
  4 bats
  5 giant cockroaches
  5 goblins
  6 hobgoblins
  8 jackals
  4 kobolds
  3 quokkas
  6 frilled lizards
  15 rats
72 creatures vanquished.

Notes
Turn   | Place    | Note
-------+----------+-------------------------------------------
     0 | D:1      | Silvore the Draconian Transmuter began the quest for the
                  | Orb.
     0 | D:1      | Reached XP level 1. HP: 16/16 MP: 3/3
   158 | D:1      | Reached XP level 2. HP: 22/23 MP: 5/5
   600 | D:1      | HP: 1/23 [dart slug (2)]
   604 | D:1      | Reached XP level 3. HP: 2/28 MP: 6/6
  1886 | D:2      | Found a sparkling altar of Nemelex Xobeh.
  1905 | D:2      | Reached XP level 4. HP: 33/35 MP: 7/7
  1918 | D:2      | Found a glowing silver altar of Zin.
  1919 | D:2      | Found a shadowy altar of Dithmenos.
  1920 | D:2      | Found a hazy altar of Hepliaklqana.
  1923 | D:2      | Found an ornate altar of the Wu Jian Council.
  2583 | D:3      | Reached skill level 1 in Short Blades
  3163 | D:3      | Reached skill level 1 in Stealth
  3530 | D:3      | Reached XP level 5. HP: 26/40 MP: 8/8
  3977 | D:4      | Noticed an ogre
  3990 | D:4      | Killed an ogre
  4087 | D:4      | Noticed Eustachio
  4101 | D:4      | Slain by a quokka

Illustrated notes

Levels and vault maps discovered:
D:1:      co_arrival_square_in_a_square_in_a_square, layout_basic
D:2:      layout_basic, minitemple, hex_large, kennysheep_flooded_box,
          serial_bayou_pond_d, hangedman_decor_clover_reticule
D:3:      layout_loops_corners, minmay_liquid_box, minmay_increasing_density
D:4:      layout_basic, minmay_temple_entry_glass,
          nicolae_ossuary_entry_catacombs, serial_shops, kennysheep_little_box,
          uniq_eustachio

Skill      XL: |  1  2  3  4  5 |
---------------+----------------+-----
Dodging        | 2 3 |  3.3
Short Blades   | 1 2 |  2.1
Stealth        | 1 |  1.6
Fighting       | 2 |  2.0
Unarmed Combat | |  3.8
Spellcasting   | |  2.4
Transmutations | |  2.5

Action                   |  1- 3 |  4- 6 || total
-------------------------+-------+-------++-------
Melee: Dagger            |   124 |   141 ||   265
       Unarmed           |     4 |       ||     4
       Kick              |     2 |     4 ||     6
       Punch             |     2 |     4 ||     6
       Tailslap          |    13 |    17 ||    30
       Headbutt          |     2 |     4 ||     6
 Cast: Beastly Appendage |     2 |     2 ||     4
  Use: Scroll            |     7 |     5 ||    12
 Stab: Sleeping          |     2 |       ||     2
Armor: Skin              |    25 |    49 ||    74
Dodge: Dodged            |    77 |   114 ||   191
